 Dungeon Crawl Stone Soup version 0.28.0-43-g3370ac3207 (webtiles) character file.

Game seed: 101538918505793338

23 cbfl8 the Conjurer (level 2, -1/15 HPs)
             Began as a Deep Elf Conjurer on Mar 11, 2022.
             Slain by a hobgoblin (2 damage)
             ... on level 1 of the Dungeon.
             The game lasted 00:02:28 (1764 turns).

cbfl8 the Conjurer (Deep Elf Conjurer)              Turns: 1764, Time: 00:02:29

Health: -1/15      AC:  6    Str:  4    XL:     2   Next: 72%
Magic:  8/8        EV:  5    Int: 22    God:
Gold:   0          SH:  0    Dex: 13    Spells: 6/7 levels left

rFire   . . .      SeeInvis .   e - +0 mace
rCold   . . .      Faith    .   (no shield)
rNeg    . . .      Spirit   .   d - +0 scale mail
rPois   .          Reflect  .   (no helmet)
rElec   .          Harm     .   (no cloak)
rCorr   .          Rampage  .   (no gloves)
Will    .....                   (no boots)
Stlth   +.........              (no amulet)
HPRegen 0.05/turn               (no ring)
MPRegen 0.11/turn               (no ring)

@: no status effects
A: no striking features
a: no special abilities


You were on level 1 of the Dungeon.
You visited 1 branch of the dungeon, and saw 1 of its levels.

Inventory:

Hand Weapons
 b - a +0 dagger
 e - a +0 mace (weapon)
Armour
 a - a +0 robe
 d - a +0 scale mail (worn)
Scrolls
 c - a scroll of immolation {unknown}


   Skills:
 + Level 0.7 Short Blades
 + Level 0.2 Armour
 + Level 2.8 Dodging
 + Level 2.7 Stealth
 + Level 3.2 Spellcasting
 + Level 4.7 Conjurations


You had 6 spell levels left.
You knew the following spells:

 Your Spells              Type           Power      Damage    Failure   Level
a - Magic Dart            Conj           96%        1d7       56%         1

Your spell library contained the following spells:

 Spells                   Type           Power      Damage    Failure   Level
 Searing Ray              Conj           48%        2d6       71%         2
 Dazzling Flash           Conj/Hex       28%        N/A       99%         3
 Fulminant Prism          Conj/Hex       7%         3d7       100%        4
 Iskenderun's Mystic Bla  Conj/Tloc      14%        2d5       100%        4


Dungeon Overview and Level Annotations

Branches:
Dungeon (1/15)

Altars:


Message History

Found a mace.
You open the door.
There is an open door here.
A kobold comes into view. It is wielding a +0 short sword.
The kobold shouts!
The kobold barely misses you.
You hit the kobold but do no damage.
The kobold hits you with a +0 short sword.
You hit the kobold but do no damage. The kobold barely misses you.
You hit the kobold.
The kobold is moderately wounded.
The kobold hits you but does no damage.
You hit the kobold.
The kobold is severely wounded.
The kobold barely misses you.
You hit the kobold.
You kill the kobold!
You see here a +0 short sword.
You see here a +0 mace.
You see here a +0 mace.
e - a +0 mace
e - a +0 mace (weapon)
A hobgoblin comes into view.
The hobgoblin shouts!
The hobgoblin hits you but does no damage.
The hobgoblin hits you but does no damage.
You hit the hobgoblin but do no damage. The hobgoblin hits you.
The hobgoblin barely misses you.
You barely miss the hobgoblin. The hobgoblin hits you.
You closely miss the hobgoblin. The hobgoblin hits you.
You hit the hobgoblin but do no damage. The hobgoblin hits you. x2
* * * LOW HITPOINT WARNING * * *
You hit the hobgoblin.
The hobgoblin is moderately wounded.
The hobgoblin hits you but does no damage.
You closely miss the hobgoblin.
The hobgoblin is moderately wounded.
The hobgoblin hits you but does no damage.
The hobgoblin hits you.
You die...

.......#.##........#
.........##........#
......#..##........# ......#..#
#.#.# #######..##### #.#.#
.............# #.#.#
....####.###.# #.#.# ....+ ..>#
#.###.#.## ....###### #.##.@...#
.......#####.##.g#..#
...........#.#...#..#############
.......###'#.#####..............#
.......#............##########.##
.......#....######### #.#
####.#.#....# #.# #.#......# #.#
#.#.#....######## #.#


You could see a hobgoblin.

Vanquished Creatures
  3 dart slugs (D:1)
  2 endoplasms (D:1)
  A goblin (D:1)
  A hobgoblin (D:1)
  A quokka (D:1)
  2 ball pythons (D:1)
  3 bats (D:1)
  A frilled lizard (D:1)
  2 kobolds (D:1)
  2 rats (D:1)
18 creatures vanquished.

Notes
Turn   | Place    | Note
-------+----------+-------------------------------------------
     0 | D:1      | cbfl8 the Deep Elf Conjurer began the quest for the Orb.
     0 | D:1      | Reached XP level 1. HP: 10/10 MP: 6/6
   702 | D:1      | Found a faded altar of an unknown god.
   711 | D:1      | Reached XP level 2. HP: 10/15 MP: 8/8
  1764 | D:1      | Slain by a hobgoblin

Illustrated notes

Levels and vault maps discovered:
D:1:      minmay_arrival_glassed_features, layout_basic,
          shapermc_ecumenical_altar_starsandcircs

Action                   || total
-------------------------++-------
Melee: Dagger            ||    97
       Unarmed           ||     6
       Mace              ||     6
       Punch             ||     2
Armor: Scale mail        ||   112
       Robe              ||     3
Dodge: Dodged            ||    36
